 Dungeon Crawl Stone Soup version 0.30-a0-125-g51eefa89be (webtiles) character file.

Game seed: 10662034438128337296

12562 ragingrage the Thaumaturge (level 11, -1/81 HPs)
             Began as a Demonspawn Cinder Acolyte on Sept 18, 2022.
             Was a High Priest of Ignis.
             Slain by an orange demon (6 damage)
             ... summoned by Frances
             ... on level 12 of the Dungeon on Sept 19, 2022.
             The game lasted 00:19:51 (15914 turns).

ragingrage the Thaumaturge (DsCA)                  Turns: 15914, Time: 00:19:51

Health: -1/81      AC: 21    Str: 16    XL:     11   Next: 64%
Magic:  18/25      EV: 12    Int: 24    God:    Ignis [*****.]
Gold:   301        SH:  0    Dex:  9    Spells: 9/30 levels left

rFire   + + .      SeeInvis .    a - staff of fire
rCold   . . .      Faith    .    (no shield)
rNeg    . . .      Spirit   .    Z - +0 acid dragon scales
rPois   .          Reflect  .    H - +0 helmet
rElec   .          Harm     .    v - scarf {repulsion}
rCorr   +          Rampage  .    (no gloves)
Will    .....                    (no boots)
Stlth   +.........               A - amulet of magic regeneration
HPRegen 0.23/turn                m - +6 ring of intelligence
MPRegen 0.59/turn                o - +4 ring of protection

@: lethally poisoned (-1 -> -14), sanguine armoured, repel missiles
A: demonic guardian 1, ignite blood 2, sanguine armour 2
a: Renounce Religion, Fiery Armour, Foxfire Swarm, Rising Flame


You were on level 12 of the Dungeon.
You worshipped Ignis.
Ignis was extremely pleased with you.
You visited 1 branch of the dungeon, and saw 12 of its levels.
You also visited: Ossuary.

You collected 436 gold pieces.
You spent 135 gold pieces at shops.

Inventory:

Hand Weapons
 b - a +4 spectral quarterstaff
 s - a +0 trident
 L - a +2 vorpal mace
 V - a +0 spear of flaming
Missiles
 c - 25 poisoned darts
 d - 12 boomerangs
 J - 9 javelins
 S - 2 curare-tipped darts (quivered)
Armour
 v - a scarf of repulsion (worn)
 H - a +0 helmet (worn)
 X - a +2 leather armour of fire resistance
 Y - a +2 scale mail of poison resistance
 Z - +0 acid dragon scales (worn)
Magical Staves
 a - a staff of fire (weapon)
Jewellery
 l - a +6 ring of intelligence
 m - a +6 ring of intelligence (left hand)
 o - a +4 ring of protection (right hand)
 A - an amulet of magic regeneration (around neck)
 T - a +4 ring of evasion
Wands
 D - a wand of flame (58)
 G - a wand of quicksilver (9)
 I - a wand of charming (6)
 P - a wand of polymorph (4)
 R - a wand of roots (17)
Scrolls
 f - 12 scrolls of teleportation
 g - a scroll of vulnerability
 h - a scroll of butterflies
 k - 2 scrolls of enchant weapon
 n - 2 scrolls of noise
 q - 2 scrolls of blinking {unknown}
 r - a scroll of immolation {unknown}
 u - 2 scrolls of poison {unknown}
 w - 2 scrolls of summoning
 x - 3 scrolls of magic mapping {unknown}
 E - a scroll of fear {unknown}
 F - a scroll of acquirement {unknown}
 K - a scroll of torment {unknown}
 N - 2 scrolls of amnesia {unknown}
 U - a scroll of identify
Potions
 e - 2 potions of might {unknown}
 i - 3 potions of mutation
 j - 5 potions of flight
 p - 8 potions of curing
 t - 2 potions of invisibility {unknown}
 z - 2 potions of resistance {unknown}
 B - 5 potions of haste {unknown}
 C - 3 potions of attraction {unknown}
 M - 3 potions of lignification {unknown}
 O - a potion of berserk rage {unknown}
 Q - 2 potions of brilliance {unknown}
 W - a potion of degeneration {unknown}


   Skills:
 - Level 6.0 Fighting
 - Level 5.2 Polearms
 + Level 4.9 Armour
 + Level 3.6 Dodging
 - Level 10.0 Spellcasting
 + Level 6.6 Conjurations
 - Level 4.0 Translocations
 + Level 8.3 Fire Magic


You had 9 spell levels left.
You knew the following spells:

 Your Spells              Type           Power      Damage    Failure   Level
a - Scorch                Fire           100%       2d10      1%          2
b - Summon Small Mammal   Summ           48%        N/A       7%          1
c - Iskenderun's Mystic   Conj/Tloc      37%        2d9       8%          4
d - Irradiate             Conj/Tmut      13%        3d16      45%         5
e - Starburst             Conj/Fire      32%        6d10      45%         6
f - Mephitic Cloud        Conj/Pois/Air  22%        N/A       9%          3

Your spell library contained the following spells:

 Spells                   Type           Power      Damage    Failure   Level
 Apportation              Tloc           62%        N/A       1%          1
 Magic Dart               Conj           100%       1d8       1%          1
 Dazzling Flash           Conj/Hex       54%        N/A       5%          3
 Beastly Appendage        Tmut           24%        N/A       7%          1
 Freeze                   Ice            48%        1d7       7%          1
 Necrotise                Necr           48%        1d6       7%          1
 Call Imp                 Summ           12%        N/A       11%         2
 Wereblood                Tmut           12%        N/A       11%         2
 Hailstorm                Conj/Ice       27%        3d7       19%         4
 Frozen Ramparts          Ice            24%        1d4       21%         3
 Spider Form              Tmut/Pois      12%        N/A       21%         3
 Ice Form                 Ice/Tmut       12%        N/A       56%         4
 Summon Ice Beast         Ice/Summ       12%        N/A       56%         4
 Summon Lightning Spire   Summ/Air       12%        N/A       56%         4
 Agony                    Necr           12%        N/A       88%         5
 Blade Hands              Tmut           6%         N/A       88%         5
 Silence                  Hex/Air        6%         N/A       88%         5
 Malign Gateway           Summ/Tloc      10%        N/A       100%        7
 Storm Form               Tmut/Air       6%         N/A       100%        7
 Maxwell's Capacitive Co  Air            6%         ∞         100%        8


Dungeon Overview and Level Annotations

Branches:
Dungeon (12/15)            Temple (0/1) D:5            Lair (0/5) D:10
    Orc (0/2) D:9         Ossuary (visited)

Altars:
Ashenzari
Trog

Shops:
D:4 [

Annotations:
D:3 Sigmund
D:7 2 transporters, LnG's ghost, novice HOFi
D:9 Amaemon
D:10 exclusion: upstairs
D:11 3 runed translucent doors, Newt's ghost, journeyman DsGl
D:12 Frances


Innate Abilities, Weirdness & Mutations

A weak demonic guardian rushes to your aid.
Your demonic aura often causes spilled blood to erupt in flames.
When seriously injured, your blood forms thick armour. (AC +9)


Message History

The roots release their grip on the orange demon.
Frances struggles to escape constriction.
The grasping roots constrict Frances.
The roots release their grip on Frances.
There is an open door here.
Throw: throwing net
Press: ? - help, Q - select action, (/) - cycle Shift-Dir - straight line, f/p - Frances
Aim: Frances, wielding a +3 hand axe of venom and wearing a +0 scale mail (severely wounded, fast, poisoned, more vulnerable to fire, 61% to hit)
You throw a throwing net.
The throwing net closely misses Frances.
The boulder beetle leaps!
Throw: 3 darts (curare)
Press: ? - help, Q - select action, (/) - cycle Shift-Dir - straight line, f/p - Frances
Aim: Frances, wielding a +3 hand axe of venom and wearing a +0 scale mail (severely wounded, fast, poisoned, more vulnerable to fire, 61% to hit)
You throw a curare-tipped dart. The curare-tipped dart hits Frances.
Frances looks even sicker.
Frances convulses.
Frances seems to slow down.
Frances is severely wounded.
Frances whispers indecipherable words.
The shard of ice hits you!
* * * LOW HITPOINT WARNING * * *
Frances attacks as you move away!
Frances hits you with a +3 hand axe of venom!
* * * LOW HITPOINT WARNING * * *
You are lethally poisoned!
* * * LOW HITPOINT WARNING * * *
You feel very sick.
There is a stone staircase leading up here.
You feel better.
Frances hits you with a +3 hand axe of venom.
* * * LOW HITPOINT WARNING * * *
A demonic guardian appears!
You are lethally poisoned!
The orange demon stings you but does no damage.
You feel better.
Frances hits you with a +3 hand axe of venom!
* * * LOW HITPOINT WARNING * * *
You are lethally poisoned!
The orange demon stings you from afar.
You die...

..(
#B#
#.#
#4##
#.(#
##(#
##4###
#@5..#
#.@..#
#....#
#....#
#....#
#....#
+....#
#....#
#....#


You could see Frances (fast, very poisoned, slow, combustible, ally target), a
boulder beetle, an orange demon (summoned, combustible), a rust devil (summoned)
and a friendly shadow imp (summoned).

Vanquished Creatures
  Harold (D:9)
  A two-headed ogre (D:9)
  2 cyclopes
  An elephant (D:10)
  Joseph (D:8)
  Psyche (D:8)
  2 kobold demonologists (D:10)
  A komodo dragon (D:10)
  2 trolls
  2 polar bears (D:10)
  Grinder (D:6)
  3 shadows
  A vampire (D:10)
  3 wyverns
  A wraith (D:9)
  11 yaks
  A steam dragon (D:8)
  4 vampire mosquitoes
  2 acid dragons (D:11)
  2 water moccasins
  5 black bears
  2 ice beasts
  An orc warrior (D:10)
  A sky beast (D:6)
  An ogre (D:6)
  A centaur (D:7)
  2 phantoms
  4 kobold brigands
  2 bullfrogs
  3 necrophages
  A gnoll sergeant (D:9)
  5 scorpions
  5 water moccasin zombies (Ossuary)
  5 wights
  14 killer bees
  A howler monkey (D:6)
  4 hounds
  3 orc priests
  2 jellies
  3 iguanas
  5 orc wizards
  2 mummies (Ossuary)
  8 gnolls
  7 adders
  2 white imps (D:7)
  An ufetubus (D:5)
  5 adder zombies (Ossuary)
  A worm (D:2)
  2 dart slugs
  31 orcs
  4 endoplasms
  2 giant cockroaches
  4 gnoll zombies (Ossuary)
  5 goblins
  7 hobgoblins
  2 quokkas
  9 ball pythons
  6 bats
  4 frilled lizards
  4 hobgoblin zombies (Ossuary)
  28 kobolds
  A kobold zombie (Ossuary)
  7 orc zombies (Ossuary)
  2 rats
257 creatures vanquished.

Vanquished Creatures (collateral kills)
  An orc priest (D:5)
  An orc wizard (D:11)
  An adder (D:2)
  A goblin (D:1)
  A hobgoblin (D:1)
5 creatures vanquished.

Vanquished Creatures (others)
  9 plants
9 creatures vanquished.

Grand Total: 271 creatures vanquished

Notes
Turn   | Place    | Note
-------+----------+-------------------------------------------
     0 | D:1      | ragingrage the Demonspawn Cinder Acolyte began the quest
                  | for the Orb.
     0 | D:1      | Reached XP level 1. HP: 18/18 MP: 2/2
   425 | D:1      | Gained mutation: A weak demonic guardian rushes to your
                  | aid. [demonic ancestry]
   425 | D:1      | Reached XP level 2. HP: 24/24 MP: 3/3
   929 | D:1      | Learned a level 2 spell: Scorch
   999 | D:1      | Gained mutation: When seriously injured, your blood forms
                  | armour. (AC +9) [demonic ancestry]
   999 | D:1      | Reached XP level 3. HP: 24/29 MP: 4/4
  2313 | D:2      | Learned a level 1 spell: Summon Small Mammal
  2416 | D:2      | Got the Discourse on Transmuted Elsewhere
  2544 | D:3      | Gained mutation: Your demonic aura sometimes causes spilled
                  | blood to erupt in flames. [demonic ancestry]
  2544 | D:3      | Reached XP level 4. HP: 35/35 MP: 0/5
  2628 | D:3      | Noticed Sigmund
  3443 | D:3      | Reached XP level 5. HP: 36/41 MP: 1/6
  3681 | D:3      | Noticed an ogre
  3700 | D:4      | Reached skill level 5 in Polearms
  3816 | D:4      | Found Maomm's Antique Armour Shoppe.
  3842 | D:4      | Noticed a black bear
  4365 | D:4      | Noticed a phantom
  4370 | D:4      | Killed a phantom
  4371 | D:4      | Reached XP level 6. HP: 47/47 MP: 0/7
  5139 | D:4      | Reached skill level 2 in Spellcasting
  5139 | D:4      | Reached skill level 5 in Fire Magic
  5495 | D:5      | Entered Level 5 of the Dungeon
  5795 | D:5      | Found a staircase to the Ecumenical Temple.
  5983 | D:5      | Noticed a water moccasin
  5994 | D:5      | Gained mutation: Your demonic aura often causes spilled
                  | blood to erupt in flames. [demonic ancestry]
  5994 | D:5      | Reached XP level 7. HP: 52/52 MP: 3/11
  6012 | D:4      | Reached skill level 3 in Spellcasting
  6871 | D:5      | Reached skill level 4 in Spellcasting
  7288 | D:6      | Noticed Grinder
  7297 | D:5      | Reached XP level 8. HP: 22/55 MP: 4/15
  7519 | D:5      | Reached skill level 5 in Spellcasting
  8204 | D:6      | Killed Grinder
  8345 | D:6      | Reached skill level 6 in Spellcasting
  8353 | D:6      | Reached XP level 9. HP: 57/67 MP: 5/18
  8458 | D:6      | Reached skill level 5 in Fighting
  8533 | D:6      | Learned a level 4 spell: Iskenderun's Mystic Blast
  8820 | D:7      | Reached skill level 1 in Conjurations
  8820 | D:7      | Reached skill level 1 in Translocations
  9126 | D:7      | Found a sand-covered staircase.
  9135 | Ossuary  | Entered an ossuary
  9651 | D:7      | Noticed LnG's ghost (novice HOFi)
  9661 | D:7      | Found a transporter.
  9676 | D:7      | Identified the +8 trident "Luaskic" {chaos, *Noise rElec
                  | MP-9 Str+8}
  9713 | D:7      | Found a transporter.
  9885 | D:7      | Found a broken altar of Ashenzari.
  9973 | D:7      | Reached skill level 7 in Spellcasting
 10229 | D:8      | Noticed Joseph
 10241 | D:8      | Killed Joseph
 10536 | D:8      | Gained mutation: When seriously injured, your blood forms
                  | thick armour. (AC +9) [demonic ancestry]
 10536 | D:8      | Reached XP level 10. HP: 76/76 MP: 15/21
 10591 | D:8      | Noticed Psyche
 10597 | D:8      | Killed Psyche
 11085 | D:9      | Found a staircase to the Orcish Mines.
 11731 | D:4      | Bought a glowing leather armour for 135 gold pieces
 11839 | D:9      | Noticed Harold
 11853 | D:9      | Killed Harold
 11854 | D:9      | Reached skill level 8 in Spellcasting
 11854 | D:9      | Reached skill level 5 in Conjurations
 11886 | D:9      | Noticed a two-headed ogre
 11905 | D:9      | Killed a two-headed ogre
 12252 | D:9      | Reached skill level 9 in Spellcasting
 12531 | D:9      | Noticed Amaemon
 12531 | D:9      | Noticed an orange demon
 12540 | D:10     | Entered Level 10 of the Dungeon
 12633 | D:10     | Reached skill level 10 in Spellcasting
 12654 | D:10     | Noticed an elephant
 12658 | D:10     | Reached XP level 11. HP: 48/81 MP: 6/25
 12671 | D:10     | Reached skill level 1 in Dodging
 13113 | D:10     | Found a staircase to the Lair.
 13142 | D:10     | Found a bloodstained altar of Trog.
 14558 | D:11     | Learned a level 5 spell: Irradiate
 14565 | D:11     | Learned a level 6 spell: Starburst
 15580 | D:11     | Found a runed translucent gate.
 15580 | D:11     | Found a runed translucent gate.
 15580 | D:11     | Found a runed translucent gate.
 15589 | D:11     | Noticed Newt's ghost (journeyman DsGl)
 15595 | D:11     | Learned a level 3 spell: Mephitic Cloud
 15889 | D:12     | Noticed Frances
 15889 | D:12     | Noticed a boulder beetle
 15914 | D:12     | Slain by an orange demon

Illustrated notes

Levels and vault maps discovered:
D:1:      evilmike_arrival_crescent, layout_basic, serial_curves,
          eino_curves_01, eino_curves_01, chequers_serial_rivers_marsh
D:2:      layout_basic
D:3:      layout_basic, item_on_display_a, uniq_sigmund
D:4:      nicolae_cairo_tiling, layout_layer_cave, serial_shops,
          nicolae_shop_trees
D:5:      layout_loops_ring, minmay_temple_entry_grid
D:6:      layout_rooms, uniq_grinder
D:7:      layout_basic, marbit_many_paths, gammafunk_ghost_gnarly_gnolls,
          nicolae_ossuary_entry_ruins, minmay_misc_feat_encased
D:8:      layout_rooms, uniq_joseph, uniq_psyche
D:9:      layout_roguey, orc_0_dummy, uniq_amaemon, uniq_harold
D:10:     layout_loops_ring, trog_ov_bears_minmay, david_lair_generic
D:11:     layout_cave_pools, gammafunk_ghost_necromancy
D:12:     layout_roguey, uniq_frances

Skill      XL: |  1  2  3  4  5  6  7  8  9 10 11 |
---------------+----------------------------------+-----
Polearms       | 3 4 5 |  5.2
Fire Magic     | 3 4 5 6 7 8 |  8.3
Spellcasting   | 2 4 6 7 10 | 10.0
Fighting       | 4 6 |  6.0
Conjurations   | 4 5 6 |  6.6
Translocations | 3 4 |  4.0
Armour         | 3 4 |  4.9
Dodging        | 3 |  3.6

Action                   |  1- 3 |  4- 6 |  7- 9 | 10-12 || total
-------------------------+-------+-------+-------+-------++-------
Melee: Spear             |    98 |       |       |       ||    98
       Punch             |     3 |       |     1 |       ||     4
       Trident           |       |    38 |       |       ||    38
       Staff             |       |    11 |    65 |    14 ||    90
       Quarterstaff      |       |       |       |     4 ||     4
Throw: Dart              |     4 |       |       |     5 ||     9
       Boomerang         |     2 |     1 |       |       ||     3
       Throwing net      |       |       |       |     1 ||     1
 Cast: Scorch            |    13 |    60 |   192 |   218 ||   483
       Summon Small Mamm |       |       |       |     1 ||     1
Evoke: Wand              |       |       |       |     6 ||     6
  Use: Scroll            |       |       |     8 |     1 ||     9
       Potion            |       |       |       |     4 ||     4
 Stab: Sleeping          |     2 |       |       |       ||     2
       Distracted        |       |     1 |       |       ||     1
Armor: Robe              |    12 |    25 |    70 |    17 ||   124
       Leather armour    |       |       |       |    48 ||    48
       Acid dragon scale |       |       |       |    19 ||    19
Dodge: Dodged            |    50 |    50 |    97 |   107 ||   304
       Repelled          |       |       |     1 |     1 ||     2

Table legend: (Time is in decaauts)
 A = Elapsed time spent in this place.
 B = Non-inter-level travel time spent in this place.
 C = Inter-level travel time spent in this place.
 D = Time resting spent in this place.
 E = Time spent auto-exploring this place.
 F = Levels seen in this place.
 G = Mean time per level.
                   A        B        C        D        E       F      G
               +--------+--------+--------+--------+--------+-----+--------+
         Total |  15935 |  15159 |    776 |   5101 |   7782 |  13 | 1225.8 |
       Dungeon |  15447 |  14671 |    776 |   4886 |   7616 |  12 | 1287.2 |
       Ossuary |    487 |    487 |      0 |    215 |    166 |   1 |  487.0 |
               +--------+--------+--------+--------+--------+-----+--------+

Top non-repeatable levels by time:
    D:10: 2543 daAuts
     D:5: 2164 daAuts
     D:4: 2128 daAuts
     D:9: 1504 daAuts
     D:1: 1395 daAuts
     D:2: 1290 daAuts
     D:3: 1136 daAuts
     D:7: 997 daAuts
    D:11: 796 daAuts
     D:6: 762 daAuts
     D:8: 690 daAuts
 Ossuary: 487 daAuts
    D:12: 39 daAuts
